 Dungeon Crawl Stone Soup version 0.19-a0-1185-gacb3972 (webtiles) character file.

63 Gorice the Cutter (level 4, 0/24 HPs)
             Began as a Kobold Enchanter on Aug 18, 2016.
             Slain by a gnoll
             ... wielding a +0 whip
              (4 damage)
             ... on level 2 of the Dungeon.
             The game lasted 00:04:23 (1582 turns).

Gorice the Cutter (Kobold Enchanter)                Turns: 1582, Time: 00:04:24

Health: 0/24       AC:  4    Str:  7    XL:     4   Next: 30%
Magic:  6/7        EV: 15    Int: 13    God:
Gold:   38         SH:  0    Dex: 16    Spells: 1 memorised, 6 levels left

rFire  . . .     SeeInvis .     a - +1 dagger
rCold  . . .     Gourm    .     b - +1 robe
rNeg   . . .     Faith    .     (shield restricted)
rPois  .         Spirit   .     i - +0 helmet
rElec  .         Dismiss  .     (no cloak)
rCorr  .         Reflect  .     (no gloves)
MR     .....     Harm     .     (no boots)
Stlth  +++.......               (no amulet)
                                (no ring)
                                (no ring)

@: no status effects
A: carnivore 3
a: no special abilities


You were on level 2 of the Dungeon.
You were completely stuffed.

You visited 1 branch of the dungeon, and saw 2 of its levels.

You collected 38 gold pieces.

Inventory:

Hand Weapons
 a - a +1 dagger (weapon)
 l - a +0 short sword
Missiles
 k - 19 sling bullets
 Z - 83 stones (quivered)
Armour
 b - a +1 robe (worn)
 i - a +0 helmet (worn)
Scrolls
 e - a scroll of random uselessness {unknown}
 f - a scroll of teleportation {unknown}
 m - 3 scrolls of enchant armour {unknown}
Potions
 g - 2 potions of lignification {unknown}
 j - a potion of flight {unknown}
Books
 c - a book of Maledictions
Comestibles
 d - a meat ration {!e}
 h - 4 chunks of flesh


   Skills:
 + Level 5.0 Short Blades
 - Level 2.4 Dodging
 - Level 4.0 Stealth
 - Level 2.0 Spellcasting
 - Level 3.0 Hexes


You had 6 spell levels left.
You knew the following spells:

 Your Spells              Type           Power        Failure   Level  Hunger
a - Corona                Hex            #......      10%         1    ##.....


Dungeon Overview and Level Annotations

Branches:
Dungeon (2/15)

Altars:
Qazlal
Uskayaw
Yredelemnul


Innate Abilities, Weirdness & Mutations

You are small and have problems with some larger weapons.
You are carnivorous and can eat meat at any time.


Message History

The gnoll is almost dead.
The gnoll stops glowing.
The gnoll closely misses you.
You hit the gnoll.
You kill the gnoll!
Your Short Blades skill increases to level 5!
Casting: Corona
Confirm with . or Enter, or press ? or * to list all spells.
Aiming: Corona
Press: ? - help, Shift-Dir - straight line, f - gnoll
Aim: a gnoll, wielding a whip (chance to defeat MR: 52%)
The gnoll is outlined in light.
The gnoll closely misses you.
You hit the gnoll.
The gnoll is moderately wounded.
The gnoll barely misses you.
You barely miss the gnoll.
The gnoll is moderately wounded.
The gnoll closely misses you.
You hit the gnoll.
The gnoll is moderately wounded.
You hit the gnoll but do no damage.
The gnoll is moderately wounded.
The gnoll closely misses you.
You barely miss the gnoll.
The gnoll is moderately wounded.
The gnoll hits you with a whip.
Damage: 2 (max 3)
You hit the gnoll.
The gnoll is severely wounded.
The gnoll hits you with a whip.
Damage: 2 (max 3)
You hit the gnoll.
The gnoll is almost dead.
You hit the gnoll but do no damage.
The gnoll is almost dead.
The gnoll drinks a potion.
The gnoll is healed!
You hit the gnoll but do no damage.
The gnoll is lightly wounded.
The gnoll misses you.
You hit the gnoll.
The gnoll is moderately wounded.
The gnoll hits you with a whip!
* * * LOW HITPOINT WARNING * * *
Damage: 10 (max 10)
You hit the gnoll but do no damage.
The gnoll is moderately wounded.
The gnoll stops glowing.
You hit the gnoll but do no damage.
The gnoll is moderately wounded.
The gnoll hits you with a whip.
You die...

##.#.## ##.###.##
########.## ##.####
......>.## ##.>.#
..######.## ##.##.#
##.###.###.## #
##.#..##...#######
########.#.##..........
#....g@.........#######
#.##.###..........†.# #
#. #.#.###.####.# # #.
#.#.# #.# #.### ..
....# #.####.##. #.
###.# #.#....... .#
#.#....#.. # #.###.###.
.##...P.#.


You could see a gnoll.

Vanquished Creatures
  A gnoll (D:2)
  2 adders (D:2)
  A dart slug (D:1)
  A giant gecko (D:2)
  6 bats
  4 goblins (D:1)
  3 hobgoblins (D:1)
  4 jackals (D:1)
  4 kobolds
  2 giant newts (D:2)
  3 rats
31 creatures vanquished.

Notes
Turn   | Place    | Note
-------+----------+-------------------------------------------
     0 | D:1      | Gorice the Kobold Enchanter began the quest for the Orb.
     0 | D:1      | Reached XP level 1. HP: 10/10 MP: 3/3
   144 | D:1      | Reached skill level 2 in Short Blades
   244 | D:1      | Reached XP level 2. HP: 15/15 MP: 5/5
   298 | D:1      | Reached skill level 3 in Short Blades
   782 | D:1      | Reached XP level 3. HP: 15/19 MP: 3/6
  1222 | D:2      | Reached skill level 4 in Short Blades
  1270 | D:2      | Found a stormy altar of Qazlal.
  1270 | D:2      | Found a hide-covered altar of Uskayaw.
  1270 | D:2      | Found a basalt altar of Yredelemnul.
  1450 | D:2      | Reached XP level 4. HP: 24/24 MP: 7/7
  1569 | D:2      | Reached skill level 5 in Short Blades
  1580 | D:2      | HP: 4/24 [gnoll/whip (10)]
  1582 | D:2      | Slain by a gnoll

Vault maps used:
D:1:      dpeg_arrival_circle_labyrinth_c
D:2:      gammafunk_temple_overflow_forgotten

Skill      XL: |  1  2  3  4 |
---------------+-------------+-----
Short Blades   | 2 3 4 5 |  5.0
Dodging        | |  2.4
Stealth        | |  4.0
Spellcasting   | |  2.0
Hexes          | |  3.0

Action                   |  1- 3 |  4- 6 || total
-------------------------+-------+-------++-------
Melee: Dagger            |   106 |    34 ||   140
 Cast: Corona            |    19 |     5 ||    24
  Use: Scroll            |     3 |       ||     3
 Stab: Sleeping          |     7 |     1 ||     8
  Eat: Chunk             |    11 |       ||    11
Armor: Robe              |    29 |     2 ||    31
Dodge: Dodged            |    99 |    21 ||   120

Table legend:
 A = Turns spent in this place as a percentage of turns spent in the entire game.
 B = Non-inter-level travel turns spent in this place as a percentage of non-inter-level travel turns spent in the entire game.
 C = Inter-level travel turns spent in this place as a percentage of turns spent in this place.
 D = Turns resting spent in this place as a percentage of non-inter-level travel turns spent in this place.
 E = Turns spent auto-exploring this place as a percentage of non-inter-level travel turns spent in this place.
 F = Non-inter-level travel turns spent in this place divided by the number of levels of this place that you've seen.
                   A       B       C       D       E      F
               +-------+-------+-------+-------+-------+----------------------
         Total | 100.0 | 100.0 |   0.2 |   2.4 |   6.2 | 249.0
       Dungeon | 100.0 | 100.0 |   0.2 |   2.4 |   6.2 | 249.0
               +-------+-------+-------+-------+-------+----------------------

Vault maps used:
D:1:      dpeg_arrival_circle_labyrinth_c
D:2:      gammafunk_temple_overflow_forgotten
